 Dungeon Crawl Stone Soup version 0.16-a0-2622-gbfab2ba (console) character file.

4696 nht the Bludgeoner (level 10, -12/141 HPs)
             Began as an Ogre Berserker on Nov 22, 2014.
             Was the Champion of Trog.
             Mangled by nht's ghost (18 damage)
             ... on level 9 of the Dungeon.
             The game lasted 00:12:50 (8605 turns).

nht the Bludgeoner (Ogre Berserker)                 Turns: 8605, Time: 00:12:50

Health: -12/141    AC:  5    Str: 32    XL:     10   Next: 45%
Magic:  10/10      EV: 10    Int:  6    God:    Trog [******]
Gold:   350        SH:  0    Dex:  9    Spells: 0 memorised, 9 levels left

rFire  . . .     SeeInvis .     a - +0 flail (venom)
rCold  + . .     Clarity  .     b - +0 animal skin
rNeg   . . .     SustAb   .     (shield restricted)
rPois  +         Gourm    .     (helmet restricted)
rElec  .         Spirit   .     c - +1 cloak
rCorr  .         Warding  .     (gloves unavailable)
rMut   .         Stasis   .     (boots unavailable)
MR     +....                    (no amulet)
Stlth  ..........               n - ring of protection from cold
                                E - ring of poison resistance

@: berserking (expiring), very quick, somewhat resistant to hostile
enchantments, extremely unstealthy
A: unfitting armour, tough skin 1
a: Burn Spellbooks, Berserk, Trog's Hand, Brothers in Arms, Renounce Religion


You were on level 9 of the Dungeon.
You worshipped Trog.
Trog was exalted by your worship.
You were very hungry.

You visited 1 branch of the dungeon, and saw 9 of its levels.
You also visited: Ossuary.

You collected 350 gold pieces.

Inventory:

Hand weapons
 a - a +0 flail of venom (weapon)
Missiles
 l - 9 tomahawks (quivered)
 C - 7 javelins
Armour
 b - a +0 animal skin (worn)
 c - a +1 cloak (worn)
Jewellery
 n - a ring of protection from cold (right hand)
 s - an uncursed ring of ice {unknown}
 E - a ring of poison resistance (left hand)
Magical devices
 e - a wand of fire (5)
 t - a wand of digging (18)
 G - a wand of teleportation (3)
Scrolls
 j - 5 scrolls of remove curse
 k - a scroll of fear
 v - a scroll of magic mapping
 x - 5 scrolls of teleportation
 y - 2 scrolls of identify
 B - 3 scrolls of enchant weapon
Potions
 f - 3 potions of might
 g - 5 potions of curing
 h - a potion of restore abilities
 p - 3 potions of agility
 q - 7 potions of heal wounds
 r - 3 potions of haste
 u - a potion of flight
 H - a potion of invisibility
Comestibles
 d - 6 bread rations
 i - 2 meat rations
 m - 27 fruits
 o - 4 slices of pizza
 A - a royal jelly
 D - 4 beef jerkies


   Skills:
 + Level 4.7 Fighting
 + Level 16.2 Maces & Flails
 + Level 7.6 Throwing
 + Level 2.1 Armour
 - Level 1.7 Dodging


You had 9 spell levels left.
You didn't know any spells.

Dungeon Overview and Level Annotations

Branches:
Dungeon (9/15)             Temple (0/1) D:6
   Lair: D:8-11         Orc: D:9-12

Altars:
Dithmenos
Makhleb
Nemelex Xobeh
Okawaru
Vehumet
Xom
Yredelemnul
Zin

Shops:
D:6 [   D:8 :

Annotations:
D:9 nht's ghost, experienced OgBe


Innate Abilities, Weirdness & Mutations

You are too large for most types of armour.
You have tough skin (AC +1).


Message History

You are feeling very hungry.
You bludgeon nht's ghost!!
Nht's ghost is moderately damaged.
You closely miss nht's ghost.
Nht's ghost is moderately damaged.
You sock nht's ghost!
Nht's ghost is moderately damaged.
Nht's ghost hits you!!!
You thump nht's ghost!
Nht's ghost is heavily damaged.
You miss nht's ghost.
Nht's ghost is heavily damaged.
Nht's ghost hits you!!!
* * * LOW HITPOINT WARNING * * *
You sock nht's ghost!
Nht's ghost is heavily damaged.
You closely miss nht's ghost.
Nht's ghost is heavily damaged.
Nht's ghost hits you!!
You die...

+ .███ ...█ █.
███████.████ ████..█
█..........█ █.......
██..........█ █.......█
██..........████....../█
██.......)....██.......█
.█(.(((.....█.██.W.....█
.█(.........█..█@......█
............██.'.......█
██..........████.......█
█..........█


██████+██ ███████.████ ..█ ███ You could see nht's ghost.

Vanquished Creatures
  The ghost of nht the Basher, an experienced OgBe of Trog (D:8)
  The ghost of nht the Basher, an experienced OgBe of Trog (D:4)
  Grinder (D:2)
  Edmund (D:5)
  A black bear (D:6)
  2 ice beasts
  An ogre (D:4)
  A sky beast (D:8)
  3 centaurs
  A giant frog (D:6)
  A big kobold (D:8)
  Blork the orc (D:6)
  3 elf zombies (Ossuary)
  A wyvern zombie (D:7)
  A gnoll sergeant (D:7)
  4 killer bees (D:7)
  3 scorpions
  2 goliath beetles
  2 crimson imps
  7 centaur zombies
  4 hounds
  3 human zombies (Ossuary)
  7 orc priests
  2 jellies
  Crazy Yiuf (D:2)
  A giant frog zombie (D:9)
  An iguana (D:8)
  7 orc wizards
  Natasha (thrice) (D:4)
  4 worker ants
  Jessica (D:3)
  A hound skeleton (D:4)
  A hound zombie (D:8)
  4 mummies
  14 gnolls
  15 adders
  A shadow imp (D:7)
  A giant mite (D:3)
  A river rat (D:5)
  A worm (D:3)
  An adder skeleton (D:5)
  An adder zombie (D:6)
  6 giant geckos
  An ooze (D:1)
  48 orcs
  17 bats
  A bat skeleton (D:5)
  4 giant cockroaches
  17 goblins
  20 hobgoblins
  16 kobolds
  4 quokkas
  2 giant newts
  8 jackals (D:6)
  12 rats
  A plant (D:7)
270 creatures vanquished.

Vanquished Creatures (others)
  A giant newt (D:2)
1 creature vanquished.

Grand Total: 271 creatures vanquished

Notes
Turn   | Place    | Note
--------------------------------------------------------------
     0 | D:1      | nht, the Ogre Berserker, began the quest for the Orb.
     0 | D:1      | Reached XP level 1. HP: 24/24 MP: 1/1
    60 | D:1      | Found a sparkling altar of Nemelex Xobeh.
   349 | D:1      | Reached XP level 2. HP: 29/32 MP: 2/2
   502 | D:1      | Reached skill level 5 in Maces & Flails
   640 | D:1      | Acquired Trog's second power
  1029 | D:1      | Reached XP level 3. HP: 39/39 MP: 3/3
  1269 | D:2      | Found a radiant altar of Vehumet.
  1463 | D:2      | Noticed Crazy Yiuf
  1472 | D:2      | Killed Crazy Yiuf
  1472 | D:2      | Reached skill level 6 in Maces & Flails
  1472 | D:2      | Reached XP level 4. HP: 44/48 MP: 4/4
  2086 | D:2      | Reached skill level 7 in Maces & Flails
  2234 | D:3      | Reached XP level 5. HP: 50/54 MP: 5/5
  2332 | D:3      | Noticed Grinder
  2364 | D:2      | Paralysed by Grinder for 6 turns
  2493 | D:2      | Killed Grinder
  2493 | D:2      | Reached skill level 9 in Maces & Flails
  2493 | D:2      | Reached XP level 6. HP: 62/62 MP: 6/6
  2546 | D:3      | Found a shadowy altar of Dithmenos.
  2683 | D:3      | Noticed Jessica
  2691 | D:3      | Killed Jessica
  2691 | D:3      | Reached skill level 10 in Maces & Flails
  2691 | D:3      | Reached XP level 7. HP: 58/70 MP: 7/7
  2791 | D:4      | Noticed Natasha
  3152 | D:4      | Reached skill level 11 in Maces & Flails
  3188 | D:4      | Noticed nht's ghost (experienced OgBe)
  3196 | D:5      | Entered Level 5 of the Dungeon
  3278 | D:4      | Killed nht's ghost
  3278 | D:4      | Reached skill level 12 in Maces & Flails
  3278 | D:4      | Reached XP level 8. HP: 78/78 MP: 8/8
  3349 | D:4      | Killed Natasha
  3351 | D:4      | Found a sand-covered staircase.
  3359 | Ossuary  | Entered an ossuary
  3397 | Ossuary  | Reached skill level 13 in Maces & Flails
  3893 | Ossuary  | Reached skill level 14 in Maces & Flails
  4054 | D:4      | Noticed Natasha
  4057 | D:4      | Killed Natasha
  4118 | D:4      | Noticed Natasha
  4120 | D:4      | Killed Natasha
  4127 | D:4      | Reached skill level 1 in Throwing
  4127 | D:4      | Reached XP level 9. HP: 82/84 MP: 9/9
  4130 | D:4      | Acquired Trog's third power
  4355 | D:5      | Noticed Edmund
  4468 | D:5      | Killed Edmund
  4887 | D:5      | Found a glowing silver altar of Zin.
  4890 | D:5      | Found a burning altar of Makhleb.
  4893 | D:5      | Found a shimmering altar of Xom.
  5369 | D:6      | Found a staircase to the Ecumenical Temple.
  5375 | D:6      | Noticed Blork the orc
  5380 | D:6      | Killed Blork the orc
  5437 | D:6      | Found Kludet's Armour Shop.
  5669 | D:6      | Reached skill level 15 in Maces & Flails
  5669 | D:6      | Reached skill level 5 in Throwing
  6724 | D:7      | Reached XP level 10. HP: 79/92 MP: 10/10
  7148 | D:7      | Received a gift from Trog
  7365 | D:8      | Found an iron altar of Okawaru.
  7396 | D:8      | Noticed nht's ghost (experienced OgBe)
  7411 | D:8      | Killed nht's ghost
  7411 | D:8      | Reached skill level 16 in Maces & Flails
  8104 | D:8      | Found Kuang's Book Shoppe.
  8438 | D:8      | Found a basalt altar of Yredelemnul.
  8596 | D:9      | Noticed nht's ghost (experienced OgBe)
  8603 | D:9      | HP: 5/141 [nht's ghost (41)]
  8605 | D:9      | Mangled by nht's ghost

Action                   |  1- 3 |  4- 6 |  7- 9 | 10-12 || total
-------------------------+-------+-------+-------+-------++-------
Melee: Mace              |    90 |   119 |    64 |       ||   273
       Flail             |       |       |   433 |   184 ||   617
       Unarmed           |       |       |       |     5 ||     5
Throw: Tomahawk          |     8 |       |    14 |    10 ||    32
       Javelin           |       |       |       |     1 ||     1
Invok: Berserk           |     1 |     3 |    13 |     2 ||    19
       Trog's Hand       |       |       |     2 |       ||     2
       Burn Spellbooks   |       |       |       |     1 ||     1
  Use: Scroll            |       |     7 |    12 |     5 ||    24
       Potion            |       |       |     1 |       ||     1
 Stab: Sleeping          |     1 |     3 |     2 |       ||     6
  Eat: Meat ration       |     1 |       |       |       ||     1
       Chunk             |       |     5 |    23 |     5 ||    33
       Fruit             |       |       |     3 |     1 ||     4
       Beef jerky        |       |       |     1 |       ||     1
